 Dungeon Crawl Stone Soup version 0.19-a0-1008-g4c63d25 (webtiles) character file.

2097 mrath the Basher (level 9, -2/75 HPs)
             Began as a Minotaur Fighter on July 23, 2016.
             Slain by a wyvern zombie (8 damage)
             ... on level 7 of the Dungeon.
             The game lasted 00:22:01 (6907 turns).

mrath the Basher (Minotaur Fighter)                 Turns: 6907, Time: 00:22:01

Health: -2/75      AC: 13    Str: 23    XL:     9   Next: 7%
Magic:  10/10      EV:  8    Int:  5    God:
Gold:   407        SH: 10    Dex: 11    Spells: 0 memorised, 8 levels left

rFire  x . .     SeeInvis .     a - +0 flail
rCold  + . .     Gourm    .     j - +0 chain mail
rNeg   . . .     Faith    .     c - +0 shield
rPois  .         Spirit   .     G - +2 hat
rElec  .         Dismiss  +     E - +0 cloak (curse)
rCorr  .         Reflect  .     (no gloves)
SustAt .         Harm     .     (no boots)
MR     .....                    i - amulet of dismissal
Stlth  ..........               (no ring)
                                e - ring of ice

@: not resistant to hostile enchantments, extremely unstealthy
A: retaliatory headbutt, horns 2
a: no special abilities


You were on level 7 of the Dungeon.
You were not hungry.

You visited 1 branch of the dungeon, and saw 7 of its levels.

You collected 407 gold pieces.

Inventory:

Hand Weapons
 a - a +0 flail (weapon)
 q - a +0 hunting sling
Missiles
 b - 2 throwing nets
 k - 63 sling bullets
 l - 247 stones
 t - 2 tomahawks
 u - 7 javelins (quivered)
Armour
 c - a +0 shield (worn)
 j - a +0 chain mail (worn)
 E - a cursed +0 cloak (worn)
 G - a +2 hat (worn)
Jewellery
 e - a ring of ice (left hand)
 i - an amulet of dismissal (around neck)
Wands
 v - a wand of flame (31/48)
Scrolls
 m - a scroll of recharging {unknown}
 r - 3 scrolls of identify
 s - a scroll of enchant weapon {unknown}
 x - a scroll of remove curse {unknown}
 y - a scroll of enchant armour {unknown}
 A - 2 scrolls of teleportation {unknown}
 B - a scroll of fear {unknown}
Potions
 d - a potion of might
 h - 3 potions of lignification
 p - 2 potions of cancellation
 C - a potion of ambrosia
 D - a potion of flight {unknown}
 F - a potion of magic {unknown}
 H - a potion of heal wounds {unknown}
 J - a potion of curing {unknown}
Books
 z - a book of Minor Magic

   Spells                             Type                      Level
   a - Magic Dart                     Conjuration                  1
   b - Blink                          Translocation                2
   c - Call Imp                       Summoning                    2
   d - Repel Missiles                 Charms/Air                   2
   e - Slow                           Hexes                        2
   f - Conjure Flame                  Conjuration/Fire             3
   g - Mephitic Cloud                 Conjuration/Poison/Air       3
Comestibles
 f - 7 bread rations
 g - 2 meat rations
 n - 3 beef jerkies
 o - 4 fruits
 w - a slice of pizza
 I - a chunk of flesh


   Skills:
 + Level 6.2 Fighting
 + Level 9.4 Maces & Flails
 + Level 6.3 Armour
 + Level 4.2 Dodging
 + Level 5.8 Shields
 + Level 3.2 Evocations


You had 8 spell levels left.
You didn't know any spells.

Dungeon Overview and Level Annotations

Branches:
Dungeon (7/15)             Temple (0/1) D:7

Altars:
Hepliaklqana
Kikubaaqudgha
Makhleb
Nemelex Xobeh
Pakellas
Qazlal
Ru
Sif Muna
Trog
Uskayaw
Yredelemnul
Zin
The Shining One

Shops:
D:2 }


Innate Abilities, Weirdness & Mutations

You reflexively headbutt those who attack you in melee.
You have a pair of horns on your head.


Message History

You hit the iguana but do no damage.
The iguana is almost dead.
You block the orc's attack. The iguana bites you!
* * * LOW HITPOINT WARNING * * *
The wyvern zombie bites you.
* * * LOW HITPOINT WARNING * * *
You completely miss the iguana. You headbutt the iguana.
You kill the iguana!
The wyvern zombie bites you.
* * * LOW HITPOINT WARNING * * *
You block the orc's attack.
You closely miss the orc. You headbutt the orc.
The orc is almost dead.
The wyvern zombie bites you.
* * * LOW HITPOINT WARNING * * *
You block the orc's attack. The wyvern zombie closely misses you.
You hit the orc but do no damage.
The orc is almost dead.
You block the orc's attack. The wyvern zombie bites you!
You die...

#.###....#
#........
#....>..
#......# #.
#.....<#
#.###.....##
#.........##
#.......Z..##
#......!)@(.#
#......o.$.#
#......#...#
##...<.....#
#.........#
#.(.###.###
#.... ....
#.#.. #.#.#
#.#.. #


You could see an orc and a wyvern zombie.

Vanquished Creatures
  Sigmund (D:2)
  An ice beast (D:6)
  A phantom (D:6)
  3 orc warriors
  3 ogres
  5 centaurs
  A big kobold (D:5)
  A wyvern skeleton (D:6)
  A scorpion (D:5)
  A jelly (D:6)
  A giant frog skeleton (D:5)
  3 orc priests
  Jessica (D:2)
  4 orc wizards
  3 iguanas
  A worker ant (D:6)
  Robin (D:2)
  A howler monkey skeleton (D:5)
  9 adders
  An adder zombie (D:6)
  A worm (D:2)
  2 dart slugs
  7 giant geckos
  39 orcs
  A ball python (D:3)
  2 giant cockroaches (D:3)
  13 goblins
  11 hobgoblins
  5 jackals
  14 kobolds
  3 quokkas
  4 bats
  3 giant gecko skeletons
  A giant gecko zombie (D:6)
  3 giant newts
  A jackal skeleton (D:4)
  9 rats
162 creatures vanquished.

Notes
Turn   | Place    | Note
-------+----------+-------------------------------------------
     0 | D:1      | mrath the Minotaur Fighter began the quest for the Orb.
     0 | D:1      | Reached XP level 1. HP: 19/19 MP: 0/0
   193 | D:1      | Reached skill level 3 in Maces & Flails
   295 | D:1      | Reached XP level 2. HP: 26/26 MP: 1/1
   791 | D:2      | Noticed Robin
   794 | D:1      | Reached skill level 4 in Maces & Flails
   940 | D:2      | Reached XP level 3. HP: 26/31 MP: 2/2
  1086 | D:2      | Reached skill level 5 in Maces & Flails
  1105 | D:2      | Noticed Sigmund
  1121 | D:2      | Killed Sigmund
  1121 | D:2      | Reached skill level 7 in Maces & Flails
  1121 | D:2      | Reached XP level 4. HP: 22/39 MP: 3/3
  1121 | D:2      | Reached XP level 5. HP: 26/45 MP: 4/4
  1261 | D:2      | Found a faded altar of an unknown god.
  1318 | D:2      | Killed Robin
  1614 | D:2      | Found an oddly glowing altar of Pakellas.
  1615 | D:2      | Found Pakellas's Prime Provisions.
  1916 | D:2      | Noticed Jessica
  1924 | D:2      | Killed Jessica
  1924 | D:2      | Reached XP level 6. HP: 51/51 MP: 5/5
  1947 | D:2      | Found a bloodstained altar of Trog.
  2287 | D:3      | Noticed a hand axe
  2287 | D:3      | Noticed a hand axe
  2295 | D:3      | Found a hide-covered altar of Uskayaw.
  2296 | D:3      | Noticed an orc warrior
  2318 | D:3      | Killed an orc warrior
  2318 | D:3      | Reached skill level 1 in Dodging
  2319 | D:3      | Reached skill level 8 in Maces & Flails
  3239 | D:4      | Found a basalt altar of Yredelemnul.
  3340 | D:4      | Reached XP level 7. HP: 53/59 MP: 6/6
  3494 | D:4      | Found a burning altar of Makhleb.
  3494 | D:4      | Noticed an Executioner
  3879 | D:5      | Entered Level 5 of the Dungeon
  3918 | D:5      | Reached skill level 1 in Evocations
  4036 | D:5      | Found a hazy altar of Hepliaklqana.
  4509 | D:5      | Found a glowing golden altar of the Shining One.
  4545 | D:5      | Reached skill level 5 in Fighting
  4545 | D:5      | Reached skill level 5 in Armour
  4545 | D:5      | Reached XP level 8. HP: 41/68 MP: 8/8
  5014 | D:5      | Found an ancient bone altar of Kikubaaqudgha.
  5326 | D:5      | Reached skill level 5 in Shields
  5573 | D:6      | Reached skill level 9 in Maces & Flails
  5839 | D:6      | Found a deep blue altar of Sif Muna.
  5848 | D:6      | Found a glowing silver altar of Zin.
  5848 | D:6      | Found a stormy altar of Qazlal.
  5853 | D:6      | Found a sparkling altar of Nemelex Xobeh.
  6392 | D:6      | Found a sacrificial altar of Ru.
  6770 | D:6      | Reached XP level 9. HP: 64/75 MP: 10/10
  6884 | D:7      | Found a staircase to the Ecumenical Temple.
  6907 | D:7      | Slain by a wyvern zombie

Vault maps used:
D:1:      dpeg_arrival_simpleton_b, corner_web_ring
D:2:      bloody_trog, johnstein_pakellas_shop, ecumenical_altar_1, uniq_robin,
          uniq_sigmund, uniq_jessica
D:3:      dancing_weapons_uskayaw
D:4:      kennysheep_mini_moat, makhleb_altar_promises_db, first_bread
D:5:      wad_crossroads, lemuel_crystal_altar, old_standard_altar,
          old_standard_altar
D:6:      minitemple, minmay_misc_feat_alley, nicolae_ru_awakened_eye
D:7:      uniq_duvessa, uniq_menkaure

Skill      XL: |  1  2  3  4  5  6  7  8 |
---------------+-------------------------+-----
Maces & Flails | 3 4 7 8 9 |  9.4
Armour         | 4 5 6 |  6.3
Dodging        | 1 2 4 |  4.2
Fighting       | 4 5 6 |  6.2
Shields        | 4 5 |  5.8
Evocations     | 1 3 |  3.2

Action                   |  1- 3 |  4- 6 |  7- 9 || total
-------------------------+-------+-------+-------++-------
Melee: Flail             |    74 |   170 |   253 ||   497
       Headbutt          |     6 |    22 |    41 ||    69
Throw: Stone             |     2 |       |       ||     2
       Javelin           |       |       |     3 ||     3
  Use: Scroll            |       |       |     4 ||     4
  Eat: Chunk             |     1 |     7 |    10 ||    18
       Pizza             |       |       |     1 ||     1
Armor: Scale mail        |    21 |    23 |       ||    44
       Chain mail        |       |    27 |   107 ||   134
Dodge: Dodged            |    21 |    42 |    58 ||   121
Block: Shield            |    45 |    92 |   121 ||   258
